 Dungeon Crawl Stone Soup version 0.31-a0-859-g9dce7d3444 (webtiles) character file.

Game seed: 647527816806612000

14413 demibob the Bludgeoner (level 11, -3/94 HPs)
             Began as a Troll Chaos Knight on Oct 9, 2023.
             Was a Plaything of Xom.
             Killed by an exploding butterfly (6 damage)
             ... ignited by their inner flame
             ... on level 2 of the Lair of Beasts.
             The game lasted 00:19:45 (11985 turns).

demibob the Bludgeoner (Troll Chaos Knight)        Turns: 11985, Time: 00:19:46

Health: -3/94      AC:  8    Str: 28 (30) XL:     11   Next: 88%
Magic:  10/10      EV:  9    Int:  6      God:    Xom [*.....]
Gold:   809        SH:  0    Dex:  9      Spells: 10/10 levels left

rFire   + . .        g - +3 flail (protect)
rCold   . . .        (no shield)
rNeg    + . .        b - +2 robe
rPois   +            O - +1 hat {Stlth+}
rElec   .            x - +0 cloak
rCorr   .            (gloves unavailable)
SInv    .            (boots unavailable)
Will    .....        G - amulet of faith {!P}
Stlth   ++           P - ring of poison resistance
HPRegen 1.15/turn    m - ring of Allam {rF+ rN+}
MPRegen 0.12/turn

%: faith
@: about to teleport
A: large, unfitting armour, claws 3, regeneration 1, shaggy fur 1, tough skin 1,
hooves 1, horns 1, clumsy 1, deterioration 1, strong 2, wild magic 1, devolution
1
a: Renounce Religion


You were on level 2 of the Lair of Beasts.
You worshipped Xom.
You were a special plaything of Xom.
You visited 2 branches of the dungeon, and saw 13 of its levels.
You also visited: Sewer.

You collected 861 gold pieces.
You spent 52 gold pieces at shops.


Innate Abilities, Weirdness & Mutations

You are too large for most types of armour.
You have claws for hands.
Your natural rate of healing is unusually fast.
You are covered in fur. (AC +1)
You have tough skin. (AC +1)
You have large cloven feet.
You have a pair of small horns on your head.
You are clumsy. (Dex -2)
Your body sometimes deteriorates upon taking damage.
Your muscles are very strong. (Str +8, Int/Dex -2)
Your spells are a little harder to cast, but a little more powerful.
You have hidden genetic defects.


   Skills:
 - Level 2.4 Fighting
 + Level 17.5 Maces & Flails
 - Level 1.9 Dodging


You had 10 spell levels left.
You didn't know any spells.
Your spell library contained the following spells:

 Spells                   Type           Power      Damage    Failure   Level
 Kiss of Death            Conj/Necr      0%         2d5       54%         1
 Necrotise                Necr           0%         1d4       54%         1
 Shock                    Conj/Air       0%         1d3       54%         1
 Ensorcelled Hibernation  Hex/Ice        0%         N/A       67%         2
 Jinxbite                 Hex            0%         N/A       67%         2
 Sublimation of Blood     Necr           0%         N/A       67%         2
 Wereblood                Tmut           0%         N/A       67%         2
 Inner Flame              Hex/Fire       0%         N/A       88%         3
 Swiftness                Air            0%         N/A       88%         3
 Vampiric Draining        Necr           0%         2d6       88%         3
 Airstrike                Air            0%         2d(0-16)  99%         4
 Anguish                  Hex/Necr       0%         N/A       99%         4
 Animate Armour           Summ/Erth      0%         N/A       99%         4
 Petrify                  Tmut/Erth      0%         N/A       99%         4
 Summon Ice Beast         Ice/Summ       0%         N/A       99%         4
 Summon Lightning Spire   Summ/Air       0%         N/A       99%         4
 Agony                    Necr           0%         N/A       100%        5
 Irradiate                Conj/Tmut      0%         3d11      100%        5
 Lee's Rapid Deconstruct  Erth           0%         3d4*      100%        5
 Summon Mana Viper        Hex/Summ       0%         N/A       100%        5
 Monstrous Menagerie      Summ           0%         N/A       100%        7
 Summon Hydra             Summ           0%         N/A       100%        7
 Discord                  Hex            0%         N/A       100%        8

Inventory:

Hand Weapons
 a - a +0 heavy giant spiked club
 g - a +3 flail of protection (weapon)
 p - a +7 antimagic whip
 J - a +0 mace of chaos
Armour
 b - a +2 robe (worn)
 x - a +0 cloak (worn)
 O - a +1 hat of stealth (worn)
Jewellery
 f - a ring of fire
 m - the ring of Allam (right claw) {rF+ rN+}
   (You found it on level 11 of the Dungeon)

   [ring of protection from fire]

   rF+:       It protects you from fire.
   rN+:       It protects you from negative energy.
 y - the amulet "Divibleq" {RegenMP Harm *Slow Str+3 Dex+5}
   (You found it on level 9 of the Dungeon)

   [amulet of magic regeneration]

   RegenMP:   It increases your rate of magic regeneration.
   Str+3:     It affects your strength (+3).
   Dex+5:     It affects your dexterity (+5).
   *Slow:     It may slow you when you take damage.
   Harm:      It increases damage dealt and taken.
 F - a ring of fire
 G - an amulet of faith (around neck) {!P}
 I - a +6 ring of intelligence
 M - a ring of protection from fire
 P - a ring of poison resistance (left claw)
 W - a ring of willpower
Wands
 e - a wand of charming (13)
 l - a wand of flame (12)
 n - a wand of polymorph (6)
 w - a wand of mindburst (17)
 B - a wand of roots (6)
Scrolls
 d - 2 scrolls of revelation
 h - 3 scrolls of teleportation {@r2}
 o - 2 scrolls of vulnerability
 s - 2 scrolls of poison
 v - 2 scrolls of enchant weapon
 C - 2 scrolls of fear
 E - 3 scrolls of enchant armour
 K - 5 scrolls of identify {@r1}
 N - a scroll of fog
Potions
 i - a potion of degeneration
 j - 3 potions of resistance
 k - 3 potions of attraction
 q - a potion of haste {@q3}
 t - 2 potions of curing {@q1}
 u - 2 potions of magic
 z - a potion of cancellation
 A - 5 potions of lignification
 D - a potion of brilliance
 H - 2 potions of enlightenment

Dungeon Overview and Level Annotations

Branches:
Dungeon (11/15)            Temple (0/1) D:6            Lair (2/5) D:10
    Orc (0/2) D:9           Sewer (visited)
  Swamp: Lair:2-3    Shoals: Lair:2-3     Snake: Lair:2-3    Spider: Lair:2-3

Altars:
Elyvilon
Gozag
Qazlal
Sif Muna
Uskayaw

Shops:
D:9 [(   D:10 (   D:11 ?

Annotations:
D:5 1 runed translucent door, Bosh's ghost, weakling HOBe
D:6 3 runed translucent doors, MrSquiggles's ghost, novice SpWn

#..## #........# .†.#
##.......# .P##
##.......P# ..###
#.#......##
..#.######.......#
......##........## ...
.....##..#......#######...
.........#....§§#§§§#.:...
.......†..b.bb§§@§§§......
............b.l§§§§§......
.........^..b§§§§§§§....(.
...........bb§§§§§§§....#.
#..........b.§§§§§§b.....#
###............§§.§......#
#######....b.§§#.....###
#.#......#######
##.......#


You could see a skyshark (inner flame, slow, ally target).


Message History

Your butterfly disappears in a burst of colours!
The fiery explosion engulfs your butterfly!!
Your butterfly disappears in a burst of colours!
The fiery explosion engulfs your butterfly!!!
Your butterfly disappears in a burst of colours!
Your butterfly explodes!
The fiery explosion engulfs your butterfly!!
Your butterfly disappears in a burst of colours!
Your butterfly explodes!
The fiery explosion engulfs your butterfly!!
Your butterfly disappears in a burst of colours!
Your butterfly explodes!
The fiery explosion engulfs your butterfly!!
Your butterfly disappears in a burst of colours!
The fiery explosion engulfs your butterfly!!
Your butterfly disappears in a burst of colours!
Your butterfly explodes!
The fiery explosion engulfs your butterfly!!!
Your butterfly disappears in a burst of colours!
The fiery explosion engulfs your butterfly!!
Your butterfly disappears in a burst of colours!
Your butterfly explodes!
The fiery explosion engulfs your butterfly!!
Your butterfly disappears in a burst of colours!
The fiery explosion engulfs your butterfly!!
Your butterfly disappears in a burst of colours!
Your butterfly explodes! x2
The fiery explosion engulfs you. You resist.
You die...
Xom laughs nastily!

Skill      XL: |  1  2  3  4  5  6  7  8  9 10 11 |
---------------+----------------------------------+-----
Maces & Flails | 3 4 5 6 7 9 11 13 15 17 | 17.5
Fighting       | |  2.4
Dodging        | |  1.9

Action                     |  1- 3 |  4- 6 |  7- 9 | 10-12 || total
---------------------------+-------+-------+-------+-------++-------
  Melee: Mace              |   124 |   114 |       |       ||   238
         Punch             |     2 |     2 |    10 |     3 ||    17
         Flail             |       |   100 |   409 |   376 ||   885
         Kick              |       |       |    20 |    78 ||    98
         Giant spiked club |       |       |       |    35 ||    35
         Whip              |       |       |       |    34 ||    34
         Headbutt          |       |       |       |     1 ||     1
  Evoke: Wand              |       |       |     7 |     4 ||    11
    Use: Scroll            |     5 |     9 |    13 |     8 ||    35
         Potion            |       |     2 |     1 |     9 ||    12
   Stab: Sleeping          |     1 |       |       |     4 ||     5
         Paralysed         |       |       |     1 |     3 ||     4
         Distracted        |       |       |       |     1 ||     1
         Confused          |       |       |       |     1 ||     1
 Armour: Robe              |   105 |   204 |   292 |   386 ||   987
  Dodge: Dodged            |    84 |   147 |   171 |   144 ||   546

Levels and vault maps discovered:
D:1:      dpeg_arrival_circle_labyrinth_a, layout_loops_ring,
          minmay_misc_feat_tiny, minmay_tromino_v2
D:2:      layout_rooms, uniq_natasha
D:3:      layout_loops_ring, hellmonk_ecumenical_altar_zigzags,
          minmay_joined_circles
D:4:      layout_layer_cave, gammafunk_temple_overflow_wave, uniq_eustachio
D:5:      layout_layer_cave, hellmonk_ghost_happy_afterlife
D:6:      layout_cave_pools, elyvilon_altar_5,
          minmay_temple_entry_drinking_statues, ebering_ghost_gozag,
          portal_sewer_entry_a
D:7:      layout_rooms, hex_intersection, minmay_puff
D:8:      layout_basic, tgw_sif, minmay_door_square, uniq_maggie
D:9:      layout_loops_ring, orc_david_3
D:10:     layout_irregular_city, minmay_lair_entry_grove, serial_shops, shop
D:11:     gammafunk_indiana_jones, layout_basic, serial_shops, shop_statue
Lair:1:   layout_gridlike, basic_altar, infiniplex_staircase_pool_2
Lair:2:   layout_hall_layers, shoals_dummy_entry

Notes
Turn   | Place    | Note
-------+----------+-------------------------------------------
     0 | D:1      | demibob the Troll Chaos Knight began the quest for the Orb.
     0 | D:1      | Reached XP level 1. HP: 22/22 MP: 0/0
   269 | D:1      | Reached skill level 3 in Maces & Flails
   350 | D:1      | Reached XP level 2. HP: 29/29 MP: 1/1
   561 | D:1      | Reached XP level 3. HP: 36/36 MP: 2/2
   692 | D:1      | Reached skill level 4 in Maces & Flails
   698 | D:1      | XOM: noise
   924 | D:1      | XOM: silly message
  1027 | D:2      | XOM: noise
  1053 | D:2      | Reached XP level 4. HP: 43/44 MP: 3/3
  1205 | D:2      | Noticed Natasha
  1206 | D:2      | XOM: noise
  1218 | D:2      | Killed Natasha
  1373 | D:2      | Noticed Natasha
  1382 | D:2      | Killed Natasha
  1383 | D:2      | Reached skill level 5 in Maces & Flails
  1448 | D:2      | Identified a potion of resistance
  1665 | D:3      | Found a faded altar of an unknown god.
  1693 | D:3      | Reached XP level 5. HP: 45/50 MP: 4/4
  1941 | D:3      | XOM: confuse monster(s)
  2084 | D:3      | XOM: silly message
  2113 | D:3      | XOM: god gift: rapier {god gift}
  2266 | D:3      | XOM: cloud trail
  2512 | D:4      | XOM: summons friendly white imp
  2514 | D:4      | Reached skill level 6 in Maces & Flails
  2681 | D:4      | Noticed Eustachio
  2712 | D:4      | XOM: summons 3 friendly demons
  2725 | D:4      | XOM: summons 5 friendly demons
  2750 | D:4      | Killed Eustachio
  2751 | D:4      | Reached XP level 6. HP: 52/59 MP: 5/5
  2832 | D:4      | XOM: divination: magic mapping
  3008 | D:4      | XOM: silly message
  3338 | D:4      | Reached skill level 7 in Maces & Flails
  3556 | D:4      | Found a hide-covered altar of Uskayaw.
  3556 | D:4      | Found a stormy altar of Qazlal.
  3674 | D:5      | Entered Level 5 of the Dungeon
  3683 | D:5      | Reached XP level 7. HP: 66/66 MP: 6/6
  4100 | D:5      | Reached skill level 8 in Maces & Flails
  4378 | D:5      | XOM: cloud trail
  4404 | D:5      | XOM: 3-stop teleportation journey
  4407 | D:5      | XOM: divination: magic mapping
  4662 | D:5      | Found a runed translucent door.
  4662 | D:5      | Noticed Bosh's ghost (weakling HOBe)
  5059 | D:5      | XOM: silly message
  5072 | D:6      | XOM: silly message
  5111 | D:6      | Found a staircase to the Ecumenical Temple.
  5114 | D:6      | Found a glowing drain.
  5144 | Sewer    | Entered a sewer
  5306 | D:6      | Reached skill level 9 in Maces & Flails
  5306 | D:6      | Reached XP level 8. HP: 62/74 MP: 7/7
  5375 | D:6      | Reached skill level 10 in Maces & Flails
  5527 | D:6      | Found a runed translucent gate.
  5527 | D:6      | Found a runed translucent gate.
  5527 | D:6      | Found an opulent altar of Gozag.
  5527 | D:6      | Found a runed translucent gate.
  5573 | D:6      | XOM: god gift: 10 gold pieces
  5632 | D:6      | Found a white marble altar of Elyvilon.
  5662 | D:6      | Noticed MrSquiggles's ghost (novice SpWn)
  5781 | D:6      | XOM: summons friendly white imp
  5802 | D:7      | Reached skill level 11 in Maces & Flails
  5812 | D:7      | XOM: potion effect (might)
  5822 | D:7      | Reached XP level 9. HP: 76/80 MP: 8/8
  5931 | D:7      | XOM: noise
  6261 | D:7      | XOM is BORED!
  6276 | D:7      | XOM: cloud trail
  6350 | D:7      | Reached skill level 12 in Maces & Flails
  6422 | D:7      | XOM: divination: detect creatures
  6744 | D:8      | Noticed Maggie
  6755 | D:8      | Killed Maggie
  6881 | D:8      | XOM: enchant monster (bad)
  6945 | D:8      | XOM: give mutations
  6945 | D:8      | Gained mutation: Your spells are a little harder to cast,
                  | but a little more powerful. [Xom's mischief]
  6945 | D:8      | Gained mutation: You have large cloven feet. [Xom's
                  | mischief]
  6975 | D:8      | Found a shimmering blue altar of Sif Muna.
  7038 | D:8      | Got a dusty book
  7038 | D:8      | XOM: scenery: 1 doors open, 1 doors close
  7414 | D:9      | Found Hul Pekh's Weapon Boutique.
  7416 | D:9      | Found a staircase to the Orcish Mines.
  7417 | D:9      | Found Haseffah's Armour Boutique.
  7429 | D:9      | Reached skill level 13 in Maces & Flails
  7513 | D:9      | XOM: enchant monster (bad)
  7606 | D:9      | XOM: 1-stop teleportation journey
  7660 | D:9      | XOM: divination: detect items
  7678 | D:9      | XOM: noise
  7683 | D:9      | Reached XP level 10. HP: 57/88 MP: 9/9
  7685 | D:9      | XOM: scenery: summon butterflies
  7688 | D:9      | XOM: summons friendly quasit
  7694 | D:9      | XOM: blink monster(s)
  7696 | D:9      | XOM: enchant monster (bad)
  7844 | D:9      | Identified the amulet "Divibleq" {RegenMP Harm *Slow Str+3
                  | Dex+5}
  7850 | D:9      | Noticed a two-headed ogre
  7853 | D:9      | XOM: enchant monster (bad)
  7859 | D:9      | Killed a two-headed ogre
  7860 | D:9      | Reached skill level 14 in Maces & Flails
  7893 | D:9      | XOM: silly message
  7894 | D:9      | XOM: stat loss: -1 Int (7/8)
  7898 | D:9      | XOM: confuse monster(s)
  8045 | D:9      | XOM: summons 6 hostile demons
  8189 | D:10     | Entered Level 10 of the Dungeon
  8189 | D:10     | Found Fosaps's Weapon Emporium.
  8242 | D:10     | XOM: silly message
  8243 | D:10     | XOM: potion effect (haste)
  8280 | D:10     | XOM: give mutations
  8280 | D:10     | Gained mutation: Your spells are harder to cast, but more
                  | powerful. [Xom's grace]
  8280 | D:10     | Gained mutation: You have hidden genetic potential. [Xom's
                  | grace]
  8280 | D:10     | Gained mutation: Your muscles are strong. (Str +4, Int/Dex
                  | -1) [Xom's grace]
  8288 | D:10     | XOM: enchant monster (good)
  8309 | D:10     | Reached skill level 15 in Maces & Flails
  8344 | D:10     | Found a staircase to the Lair.
  8362 | D:10     | XOM: snakes to sticks
  8482 | D:10     | XOM: destruction
  8668 | D:10     | XOM: summons friendly neqoxec
  8837 | D:10     | Reached XP level 11. HP: 81/94 MP: 10/10
  8929 | D:10     | XOM: cloud trail
  9090 | D:11     | XOM: divination: detect items
  9133 | D:11     | XOM: divination: magic mapping
  9225 | D:11     | XOM: confuse monster(s)
  9311 | D:11     | Found Juwnutt's Magic Scroll Emporium.
  9321 | D:11     | Reached skill level 16 in Maces & Flails
  9867 | D:11     | XOM: give mutations
  9867 | D:11     | Gained mutation: Your body sometimes deteriorates upon
                  | taking damage. [Xom's mischief]
  9867 | D:11     | Lost mutation: You have hidden genetic potential. [Xom's
                  | mischief]
  9867 | D:11     | Lost mutation: You have large cloven feet. [Xom's mischief]
 10002 | D:11     | Bought a scroll of fog for 52 gold pieces
 10134 | D:11     | Found a runed translucent door.
 10145 | D:11     | XOM: divination: detect items
 10149 | D:11     | XOM: confuse monster(s)
 10165 | D:11     | Found a runed translucent gate.
 10165 | D:11     | Found a runed translucent gate.
 10165 | D:11     | Found a runed translucent gate.
 10165 | D:11     | Found a runed translucent gate.
 10165 | D:11     | Noticed a lindwurm
 10214 | D:11     | Found a runed translucent gate.
 10215 | D:11     | Found a runed translucent gate.
 10216 | D:11     | Noticed a boulder beetle
 10245 | D:11     | XOM: swap monsters
 10250 | D:11     | Killed a boulder beetle
 10261 | D:11     | XOM: cloud trail
 10316 | D:11     | Killed a lindwurm
 10373 | D:11     | Identified the ring of Allam {rF+ rN+}
 10445 | D:11     | XOM: silly message
 10469 | Lair:1   | Entered Level 1 of the Lair of Beasts
 10482 | Lair:1   | XOM: silly message
 10514 | Lair:1   | XOM: give mutation
 10514 | Lair:1   | Gained mutation: You have hidden genetic defects. [Xom's
                  | mischief]
 10543 | Lair:1   | Found a shimmering blue altar of Sif Muna.
 10826 | Lair:1   | XOM: summons 5 friendly demons
 10834 | Lair:1   | XOM: polymorph blink frog -> spriggan
 10837 | Lair:1   | XOM: enchant monster (bad)
 10842 | Lair:1   | XOM: enchant monster (bad)
 10849 | Lair:1   | XOM: noise
 10880 | Lair:1   | XOM: swap monsters
 10897 | Lair:1   | Reached skill level 17 in Maces & Flails
 10960 | Lair:1   | Gained mutation: You are clumsy. (Dex -2) [hidden defects]
 10968 | Lair:1   | XOM: 4-stop teleportation journey
 11372 | Lair:1   | XOM: chaos cloud
 11556 | Lair:1   | XOM: silly message
 11610 | Lair:2   | XOM: polymorph rime drake -> entropy weaver
 11723 | Lair:2   | XOM: give mutations
 11723 | Lair:2   | Gained mutation: You have a pair of small horns on your
                  | head. [Xom's mischief]
 11723 | Lair:2   | Lost mutation: Your spells are harder to cast, but more
                  | powerful. [Xom's mischief]
 11723 | Lair:2   | Gained mutation: You have large cloven feet. [Xom's
                  | mischief]
 11723 | Lair:2   | Gained mutation: Your muscles are very strong. (Str +8,
                  | Int/Dex -2) [Xom's mischief]
 11951 | Lair:2   | Noticed a skyshark
 11970 | Lair:2   | XOM: blink monster(s)
 11978 | Lair:2   | XOM: blink monster(s)
 11985 | Lair:2   | HP: 3/94 [spore (9)]
 11985 | Lair:2   | Killed by an exploding butterfly... ignited by their inner
                  | flame

Vanquished Creatures
  A boulder beetle (D:11)
  A two-headed ogre (D:9)
  A lindwurm (D:11)
  A black mamba (Lair:2)
  A cane toad (Lair:1)
  2 unseen horrors (D:11)
  Maggie (D:8)
  A rime drake (Lair:1)
  4 komodo dragons
  3 blink frogs (Lair:1)
  2 jumping spiders (D:11)
  A spriggan (Lair:1)
  A wraith (D:11)
  A shadow (D:10)
  A basilisk (D:10)
  11 yaks
  3 wyverns
  A redback (D:11)
  A steam dragon (D:9)
  2 acid dragons (D:11)
  7 water moccasins
  3 black bears (D:10)
  An ice beast (D:6)
  6 orc warriors
  A sky beast (D:7)
  5 wolves
  5 centaurs
  5 kobold brigands
  A gnoll sergeant (D:9)
  11 bullfrogs
  5 scorpions
  3 wights (D:6)
  6 killer bees (D:10)
  A jelly (D:7)
  2 hounds (D:4)
  5 orc priests
  4 iguanas
  9 orc wizards
  Natasha (twice) (D:2)
  7 gnolls
  A river rat (D:6)
  9 adders
  4 shadow imps
  2 white imps
  An ufetubus (D:5)
  A worm (D:2)
  36 orcs
  11 endoplasms
  2 giant cockroaches
  8 hobgoblins
  11 jackals
  24 kobolds
  A quokka (D:2)
  12 ball pythons
  8 bats
  4 frilled lizards
  6 goblins
  3 rats
273 creatures vanquished.

Vanquished Creatures (collateral kills)
  A rime drake (Lair:2)
  A yak (D:10)
  Eustachio (D:4)
  A basilisk (Lair:2)
  2 water moccasins (D:10)
  A killer bee (D:10)
  An orc priest (D:10)
  2 orc wizards (D:10)
  An iguana (D:10)
  2 orcs
  A kobold (D:10)
14 creatures vanquished.

Grand Total: 287 creatures vanquished

Table legend: (Time is in decaauts)
 A = Elapsed time spent in this place.
 B = Non-inter-level travel time spent in this place.
 C = Inter-level travel time spent in this place.
 D = Time resting spent in this place.
 E = Time spent auto-exploring this place.
 F = Levels seen in this place.
 G = Mean time per level.
                   A        B        C        D        E       F      G
               +--------+--------+--------+--------+--------+-----+--------+
         Total |  11818 |  11253 |    565 |    397 |   8561 |  14 |  844.1 |
       Dungeon |  10196 |   9642 |    554 |    353 |   7327 |  11 |  926.9 |
          Lair |   1488 |   1477 |     11 |     44 |   1140 |   2 |  744.0 |
         Sewer |    134 |    134 |      0 |      0 |     94 |   1 |  134.0 |
               +--------+--------+--------+--------+--------+-----+--------+

Top non-repeatable levels by time:
     D:4: 1400 daAuts
     D:5: 1391 daAuts
    D:11: 1355 daAuts
  Lair:1: 1074 daAuts
     D:1: 1001 daAuts
     D:9: 872 daAuts
    D:10: 815 daAuts
     D:3: 809 daAuts
     D:7: 772 daAuts
     D:8: 691 daAuts
     D:6: 574 daAuts
     D:2: 511 daAuts
  Lair:2: 414 daAuts
   Sewer: 134 daAuts

Table legend:
 A = Non-vault XP
 B = Vault XP
 C = Vault XP percentage of total XP
 D = Non-vault monster count
 E = Vault monster count
 F = Vault count percentage of total count
                 A         B        C        D         E       F
            +---------+---------+-------+---------+---------+-------
      Total |   15511 |    5080 |  24.7 |     241 |      46 |  16.0
            +---------+---------+-------+---------+---------+-------
        D:1 |      59 |       1 |   1.7 |      29 |       1 |   3.3
        D:2 |      77 |      33 |  30.0 |      17 |       1 |   5.6
        D:3 |     112 |      33 |  22.8 |      19 |      10 |  34.5
        D:4 |     197 |     188 |  48.8 |      18 |       1 |   5.3
        D:5 |     333 |       0 |   0.0 |      15 |       0 |   0.0
        D:6 |    1302 |      30 |   2.3 |      20 |       4 |  16.7
        D:7 |    1310 |     197 |  13.1 |      33 |       3 |   8.3
        D:8 |     248 |     400 |  61.7 |       6 |       2 |  25.0
        D:9 |    3321 |     264 |   7.4 |      29 |       5 |  14.7
       D:10 |    1476 |    1695 |  53.5 |      23 |      12 |  34.3
       D:11 |    1495 |    2086 |  58.3 |       6 |       5 |  45.5
     Lair:1 |    3326 |       0 |   0.0 |      16 |       0 |   0.0
     Lair:2 |    2255 |       0 |   0.0 |      10 |       0 |   0.0
      Sewer |       0 |     153 | 100.0 |       0 |       2 | 100.0
            +---------+---------+-------+---------+---------+-------
